 Dungeon Crawl Stone Soup version 0.19-a0-1096-g8280678 (webtiles) character file.

219 AlphabetPasta the Stinger (level 5, 0/24 HPs)
             Began as a Vine Stalker Venom Mage on Aug 7, 2016.
             Succumbed to a scorpion's poison
             ... on level 4 of the Dungeon.
             The game lasted 00:18:56 (3225 turns).

AlphabetPasta the Stinger (Vine Stalker Venom Mage) Turns: 3225, Time: 00:18:57

Health: 0/24       AC:  3    Str: 10    XL:     5   Next: 96%
Magic:  0/11       EV: 13    Int: 16    God:
Gold:   232        SH:  0    Dex: 15    Spells: 3 memorised, 3 levels left

rFire  . . .     SeeInvis .     (no weapon)
rCold  . . .     Gourm    .     a - +0 robe
rNeg   . . .     Faith    .     (no shield)
rPois  .         Spirit   +     (no helmet)
rElec  .         Dismiss  .     (no cloak)
rCorr  .         Reflect  .     (no gloves)
SustAt .         Harm     .     n - +0 pair of boots
MR     .....                    (no amulet)
Stlth  ++........               (no ring)
                                (no ring)

@: lethally poisoned (0 -> -5)
A: fangs 2, regeneration 1, magic shield, antimagic bite, no device heal 3, rot
immunity
a: no special abilities


You were on level 4 of the Dungeon.
You were not hungry.

You visited 1 branch of the dungeon, and saw 4 of its levels.

You collected 232 gold pieces.

Inventory:

Armour
 a - a +0 robe (worn)
 k - a +0 buckler
 n - a +0 pair of boots (worn)
Jewellery
 o - a +4 ring of strength {unknown}
 q - an uncursed ring of protection from cold {unknown}
 r - an uncursed ring of flight {unknown}
 s - a +2 ring of protection {unknown}
Scrolls
 d - 4 scrolls of identify {unknown}
 e - a scroll of teleportation {unknown}
 g - 2 scrolls of blinking {unknown}
 i - 4 scrolls of enchant weapon {unknown}
 t - a scroll of immolation {unknown}
Potions
 m - a potion of cancellation
 p - a potion of berserk rage {unknown}
Books
 b - a Young Poisoner's Handbook

   Spells                             Type                      Level
   a - Sting                          Conjuration/Poison           1
   b - Mephitic Cloud                 Conjuration/Poison/Air       3
   c - Olgreb's Toxic Radiance        Poison                       4
   d - Alistair's Intoxication        Transmutation/Poison         5
   e - Venom Bolt                     Conjuration/Poison           5
Comestibles
 c - 3 bread rations
 f - 2 meat rations
 h - a chunk of flesh
 j - 4 fruits


   Skills:
 + Level 2.2 Dodging
 - Level 2.4 Stealth
 + Level 1.5 Shields
 - Level 0.4 Unarmed Combat
 * Level 3.8 Spellcasting
 + Level 2.0 Conjurations
 + Level 4.8 Poison Magic


You had 3 spell levels left.
You knew the following spells:

 Your Spells              Type           Power        Failure   Level  Hunger
a - Sting                 Conj/Pois      ##..         6%          1    None
b - Mephitic Cloud        Conj/Pois/Air  ##......     21%         3    ###....
c - Olgreb's Toxic Radia  Pois           ###.....     28%         4    ####...


Dungeon Overview and Level Annotations

Branches:
Dungeon (4/15)
 Temple: D:4-7

Altars:
Ru
Zin

Annotations:
D:3 NervFog's ghost, weakling MfMo


Innate Abilities, Weirdness & Mutations

You have extremely sharp teeth.
Your natural rate of healing is unusually fast.
When hurt, damage is shared between your health and your magic reserves.
Your bite disrupts and absorbs the magic of your enemies.
Potions and wands cannot restore your health.
You are immune to rotting.


Message History

The scorpion stings you!
Casting: Sting
Confirm with . or Enter, or press ? or * to list all spells.
Aiming: Sting
Press: ? - help, Shift-Dir - straight line, f/p - scorpion
Aim: a scorpion (heavily wounded, poisoned)
The sting misses the scorpion.
The scorpion stings you.
* * * LOW HITPOINT WARNING * * *
You are lethally poisoned!
The scorpion poisons you!
* * * LOW HITPOINT WARNING * * *
You feel sick.
It was a potion of cancellation.
Your magical contamination has completely faded away.
You feel magically purged.
* * * LOW HITPOINT WARNING * * *
You feel sick. The scorpion stings you.
* * * LOW HITPOINT WARNING * * *
It was a potion of heal wounds.
That seemed strangely inert.
You die...

.#
.#
.#
.#
##.#
#..
#.#
#s#
#@#
#.#
#.#
#.#
#.#
#.#
#.#
#.#


You could see a scorpion.

Vanquished Creatures
  An ogre (D:3)
  An orc priest (D:3)
  3 adders (D:3)
  2 oozes (D:2)
  A worm (D:2)
  A dart slug (D:1)
  4 orcs
  6 bats
  4 giant cockroaches
  11 hobgoblins
  4 jackals (D:3)
  5 kobolds
  4 giant newts
  7 goblins
  8 rats
62 creatures vanquished.

Notes
Turn   | Place    | Note
-------+----------+-------------------------------------------
     0 | D:1      | AlphabetPasta the Vine Stalker Venom Mage began the quest for the Orb.
     0 | D:1      | Reached XP level 1. HP: 9/9 MP: 4/4
   305 | D:1      | Reached XP level 2. HP: 13/13 MP: 0/6
  1001 | D:2      | Reached skill level 1 in Conjurations
  1001 | D:2      | Reached XP level 3. HP: 10/16 MP: 1/8
  1081 | D:2      | Learned a level 3 spell: Mephitic Cloud
  1882 | D:3      | Noticed NervFog's ghost (weakling MfMo)
  1916 | D:3      | Found a glowing silver altar of Zin.
  2038 | D:3      | Reached XP level 4. HP: 21/21 MP: 7/9
  2498 | D:3      | Reached skill level 1 in Shields
  2634 | D:3      | Learned a level 4 spell: Olgreb's Toxic Radiance
  2913 | D:3      | Found a sacrificial altar of Ru.
  2995 | D:3      | Reached XP level 5. HP: 24/24 MP: 3/11
  3146 | D:3      | Noticed an ogre
  3159 | D:3      | Killed an ogre
  3224 | D:4      | HP: 1/24 [scorpion (5)]
  3225 | D:4      | Succumbed to a scorpion's poison

Vault maps used:
D:1:      sevenhm_arrival_forest_fort_small_6
D:3:      grunt_temple_overflow_open
D:4:      grunt_temple_overflow_opulence, first_bread, okawaru_trees_1,
          uniq_natasha, uniq_blork_the_orc

Skill      XL: |  1  2  3  4  5 |
---------------+----------------+-----
Conjurations   | 1 2 |  2.0
Spellcasting   | 3 |  3.8
Shields        | 1 |  1.5
Dodging        | 2 |  2.2
Stealth        | |  2.4
Unarmed Combat | |  0.4
Poison Magic   | |  4.8

Action                   |  1- 3 |  4- 6 || total
-------------------------+-------+-------++-------
Melee: Unarmed           |    17 |       ||    17
       Bite              |     6 |       ||     6
 Cast: Sting             |    81 |    67 ||   148
       Mephitic Cloud    |       |     1 ||     1
  Use: Potion            |       |     2 ||     2
  Eat: Chunk             |     4 |     4 ||     8
Armor: Robe              |    11 |     7 ||    18
Dodge: Dodged            |    20 |    23 ||    43
